 Dungeon Crawl Stone Soup version 0.21.1-1-g345015fe64 (webtiles) character file.

103 Gargoyl the Skirmisher (level 4, -2/38 HPs)
             Began as a Centaur Abyssal Knight on June 22, 2018.
             Was a Follower of Lugonu.
             Slain by Sigmund
             ... wielding a +2 scythe of protection
              (8 damage)
             ... on level 3 of the Dungeon.
             The game lasted 00:03:29 (2499 turns).

Gargoyl the Skirmisher (Centaur Abyssal Knight)     Turns: 2499, Time: 00:03:29

Health: -2/38      AC:  7    Str: 14    XL:     4   Next: 51%
Magic:  6/6        EV:  4    Int: 11    God:    Lugonu [*.....]
Gold:   70         SH:  0    Dex: 10    Spells: 3/3 levels left

rFire    . . .     SeeInvis .   a - +1 hand axe
rCold    . . .     Gourm    .   (no shield)
rNeg     . . .     Faith    .   e - +0 chain mail
rPois    .         Spirit   .   (no helmet)
rElec    .         Reflect  .   (no cloak)
rCorr    .         Harm     .   (no gloves)
MR       .....                  (no barding)
Stlth    ..........             (no amulet)
HPRegen  0.12/turn              k - ring of flight
MPRegen  0.10/turn              (no ring)

@: confused, very quick
A: large, hooves 3, deformed body, speed 2, screaming 1, tough skin 3
a: Depart the Abyss, Renounce Religion, Evoke Flight


You were on level 3 of the Dungeon.
You worshipped Lugonu.
Lugonu was aware of your devotion.
You were not hungry.

You visited 1 branch of the dungeon, and saw 3 of its levels.
You visited the Abyss 1 time.

You collected 70 gold pieces.

Inventory:

Hand Weapons
 a - a +1 hand axe (weapon)
Armour
 e - a +0 chain mail (worn)
Jewellery
 k - a ring of flight (left hand)
Scrolls
 b - 2 scrolls of enchant weapon {unknown}
 g - a scroll of teleportation {unknown}
 h - 2 scrolls of remove curse {unknown}
 i - a scroll of fog {unknown}
Comestibles
 c - 3 rations
 d - 4 chunks of flesh


   Skills:
 + Level 3.5 Fighting
 + Level 2.6 Axes
 * Level 2.3 Armour
 + Level 0.8 Dodging
 * Level 2.8 Invocations


You had 3 spell levels left.
You didn't know any spells.

Dungeon Overview and Level Annotations

Branches:
Dungeon (3/15)

Altars:

Annotations:
D:2 Jessica
D:3 Sigmund


Innate Abilities, Weirdness & Mutations

You have hooves in place of feet.
Armour fits poorly on your strangely shaped body.
You cover ground very quickly.
You have extremely tough skin. (AC +3)
You occasionally shout uncontrollably at your foes.


Message History

Deactivating autopickup; reactivate with Ctrl-A.
You miss something. Something hits you.
You miss something. Your kick misses something. Something hits you.
You miss something.
You feel less confused. Something hits you.
You miss something. Your kick misses something. Something hits you.
You miss something. You closely miss something. Your kick misses something.
Something hits you!
* * * LOW HITPOINT WARNING * * *
You closely miss something. Something hits you but does no damage.
You hit something. Something hits you.
* * * LOW HITPOINT WARNING * * *
You hit something but do no damage. Your kick misses something.
You hit something but do no damage. Something hits you but does no damage.
You miss something.
You hear some strange, mumbled words.
You are confused.
You bump into the rock wall.
Something hits you!
You die...

########
#.รท@)..#
#.##{#.#
#....#.#
######.#
..# ###


There were no monsters in sight!

Vanquished Creatures
  A howler monkey (D:2)
  3 adders
  A dart slug (D:1)
  5 bats (D:1)
  2 giant cockroaches
  3 goblins
  4 hobgoblins
  7 jackals
  4 kobolds (D:1)
  A quokka (D:2)
  2 frilled lizards
33 creatures vanquished.

Vanquished Creatures (others)
  A plant (D:3)
1 creature vanquished.

Grand Total: 34 creatures vanquished

Notes
Turn   | Place    | Note
-------+----------+-------------------------------------------
     0 | Abyss:1  | Gargoyl the Centaur Abyssal Knight began the quest for the Orb.
     0 | Abyss:1  | Reached XP level 1. HP: 19/19 MP: 2/2
    96 | Abyss:2  | Noticed a smoke demon
   106 | Abyss:2  | Noticed a bone dragon
   122 | Abyss:2  | Noticed a neqoxec
   123 | Abyss:2  | Noticed a starcursed mass
   126 | Abyss:2  | Gained mutation: You occasionally shout uncontrollably at your foes. [a neqoxec]
   127 | Abyss:2  | Noticed a large abomination
   146 | Abyss:2  | Noticed an iron imp
   146 | Abyss:2  | Noticed an ancient zyme
   152 | D:1      | Escaped the Abyss
   550 | D:1      | Reached * piety under Lugonu
   608 | D:1      | Reached XP level 2. HP: 24/26 MP: 3/3
  1329 | D:2      | Noticed a howler monkey
  1784 | D:2      | Reached XP level 3. HP: 15/31 MP: 4/4
  1980 | D:2      | Reached XP level 4. HP: 20/38 MP: 4/6
  1996 | D:2      | Noticed Sigmund
  2003 | D:2      | Noticed Jessica
  2050 | D:3      | HP: 1/38 [poisoned by an adder]
  2499 | D:3      | Slain by Sigmund

Skill      XL: |  1  2  3 |
---------------+----------+-----
Axes           | 2 |  2.6
Armour         | 2 |  2.3
Fighting       | |  3.5
Dodging        | |  0.8
Invocations    | |  2.8

Action                   |  1- 3 |  4- 6 || total
-------------------------+-------+-------++-------
Melee: Hand axe          |    82 |    28 ||   110
       Kick              |     8 |     3 ||    11
Invok: Depart the Abyss  |     1 |       ||     1
  Use: Potion            |     3 |     2 ||     5
  Eat: Chunk             |     1 |     1 ||     2
       Ration            |       |     1 ||     1
Armor: Chain mail        |    89 |    51 ||   140
Dodge: Dodged            |    30 |     9 ||    39
